 Dungeon Crawl Stone Soup version 0.15-a0-849-g9817b29 (webtiles) character file.

69 Golfball the Grave Robber (level 4, -4/32 (33) HPs)
             Began as a Ghoul Necromancer on May 15, 2014.
             Was an Initiate of Qazlal.
             Slain by a gnoll
             ... wielding a +0,+0 halberd
              (16 damage)
             ... on Level 2 of the Dungeon.
             The game lasted 00:15:08 (1766 turns).

Golfball the Grave Robber (Ghoul Necromancer)       Turns: 1766, Time: 00:15:08

HP  -4/32 (33)   AC  2     Str 11      XL: 4   Next: 20%
MP   3/7         EV 11     Int 11      God: Qazlal [......]
Gold 68          SH  0     Dex  5      Spells:  3 memorised,  3 levels left

rFire  . . .     SeeInvis .     f - +0,+1 dagger
rCold  + . .     Clarity  .     a - +0 robe
rNeg   + + +     Conserve .     (no shield)
rPois  +         rCorr    .     (no helmet)
rElec  .         rRot     +     (no cloak)
SustAb . .       Spirit   .     (no gloves)
rMut   .         Warding  .     (no boots)
Saprov + + +     Stasis   .     (no amulet)
MR     .....                    (no ring)
                                k - cursed -4 ring of dexterity

@: rotting, not resistant to hostile enchantments, unstealthy
A: rotting body, claws 1, carnivore 3, cold resistance 1, life protection 3,
poison resistance, saprovore 3, slow healing 1, torment resistance, unbreathing
a: Renounce Religion


You were on level 2 of the Dungeon.
You worshipped Qazlal.
Qazlal was noncommittal.
You were not hungry.

You visited 1 branch of the dungeon, and saw 2 of its levels.

You collected 68 gold pieces.

Inventory:

Hand weapons
 f - a +0,+1 dagger (weapon)
Missiles
 r - 10 arrows of frost
Armour
 a - a +0 robe (worn)
Scrolls
 c - a scroll of magic mapping
 g - a scroll of identify
Jewellery
 k - a cursed -4 ring of dexterity (left claw)
Potions
 h - a potion of might {unknown}
 i - a potion of curing {unknown}
 j - a potion of mutation {unknown}
 l - a potion of haste {unknown}
Books
 b - a book of Necromancy

   Spells                             Type                      Level
   *Pain                              Necromancy                   1
   *Animate Skeleton                  Necromancy                   1
   *Vampiric Draining                 Necromancy                   3
   Regeneration                       Charms/Necromancy            3
   Animate Dead                       Necromancy                   4
   Control Undead                     Necromancy                   4


   Skills:
 + Level 2.1 Dodging
 + Level 2.3 Stealth
 * Level 1.5 Unarmed Combat
 + Level 2.5 Spellcasting
 + Level 4.5 Necromancy


You had 3 spell levels left.
You knew the following spells:

 Your Spells              Type           Power        Failure   Level  Hunger
a - Pain                  Necr           ##..         4%          1    ##.....
b - Animate Skeleton      Necr           N/A          4%          1    ##.....
c - Vampiric Draining     Necr           ##........   14%         3    ####...


Dungeon Overview and Level Annotations

Branches:
Dungeon (2/15)

Altars:
Ashenzari
Elyvilon
Kikubaaqudgha
Nemelex Xobeh
Qazlal


Innate Abilities, Weirdness & Mutations

Your body is rotting away.
You have sharp fingernails.
You are carnivorous and can eat meat at any time.
Your flesh is cold resistant.
You are immune to negative energy.
Your system is resistant to poisons.
You thrive on rotten meat.
You heal slowly when monsters are visible.
You are immune to unholy pain and torment.
You can survive without breathing.


Message History

Confirm with . or Enter, or press ? or * to list all spells.
Aiming: Pain
Press: ? - help, Shift-Dir - straight line, f/p - gnoll
Aim: a gnoll, wielding a runed halberd (moderately wounded)
The gnoll convulses in agony!
The gnoll hits you from afar with a runed halberd!
The gnoll misses you.
Casting: Pain
Confirm with . or Enter, or press ? or * to list all spells.
Aiming: Pain
Press: ? - help, Shift-Dir - straight line, f/p - gnoll
Aim: a gnoll, wielding a runed halberd (heavily wounded)
The gnoll struggles to resist.
The gnoll barely misses you.
The gnoll hits you from afar with a runed halberd!
The gnoll closely misses you.
You hit the gnoll.
The gnoll is moderately wounded.
The gnoll hits you with a halberd!
Ouch! That really hurt!
You die...

############
............#
............# ########
............# #.......
.......g.....+ +.......
.......g@....# #.......
..?...gg.....# #.......
#########'#######.......
###....#...<......
#...Z#...#...#....
#.##...#...#...###
#####'###.###.###.###
#......#...#...#....##
#......'.#...#...#....


You could see 4 gnolls and a friendly goblin skeleton.

Vanquished Creatures
  An adder (D:2)
  2 giant mites (D:1)
  2 worms (D:2)
  A giant gecko (D:2)
  An ooze (D:2)
  A ball python (D:1)
  3 bats (D:1)
  4 giant cockroaches (D:1)
  4 hobgoblins
  4 giant newts (D:1)
  A goblin (D:2)
  6 kobolds
  3 rats (D:1)
33 creatures vanquished.

Vanquished Creatures (collateral kills)
  An ooze (D:1)
  A giant cockroach (D:1)
  A rat (D:1)
3 creatures vanquished.

Vanquished Creatures (others)
  A giant newt skeleton (D:1)
1 creature vanquished.

Grand Total: 37 creatures vanquished

Notes
Turn   | Place    | Note
--------------------------------------------------------------
     0 | D:1      | Golfball, the Ghoul Necromancer, began the quest for the Orb.
     0 | D:1      | Reached XP level 1. HP: 14/14 MP: 2/2
    63 | D:1      | Learned a level 1 spell: Animate Skeleton
   194 | D:1      | Reached XP level 2. HP: 20/20 MP: 1/3
   611 | D:1      | Reached XP level 3. HP: 26/26 MP: 1/6
   967 | D:1      | Reached skill level 1 in Unarmed Combat
  1289 | D:2      | Reached XP level 4. HP: 11/33 MP: 3/7
  1294 | D:2      | Learned a level 3 spell: Vampiric Draining
  1471 | D:2      | Found a shattered altar of Ashenzari.
  1473 | D:2      | Found an ancient bone altar of Kikubaaqudgha.
  1473 | D:2      | Found a sparkling altar of Nemelex Xobeh.
  1475 | D:2      | Found a stormy altar of Qazlal.
  1483 | D:2      | Became a worshipper of Qazlal Stormbringer
  1486 | D:2      | Found a white marble altar of Elyvilon.
  1766 | D:2      | Slain by a gnoll

Action                   |  1- 3 |  4- 6 || total
-------------------------+-------+-------++-------
Melee: Unarmed           |    44 |     7 ||    51
       Dagger            |       |     1 ||     1
 Cast: Pain              |    44 |     9 ||    53
       Animate Skeleton  |     6 |       ||     6
  Use: Scroll            |     1 |     4 ||     5
 Stab: Sleeping          |     2 |       ||     2
